Map: Eastwatch LE

Players

Leenock - Winner!

  • Race: Zerg Zerg
  • League: Grandmaster
  • Spawn Location: 7:00

Hurricane

  • Race: Protoss Protoss
  • League: Master
  • Spawn Location: 1:00

Event: Memes & Dreams Invitational

VOD

Have the link to the VOD?

Description

Time

  • Played on: April 15, 2018, 3:24 a.m.
  • Length: 12:12

All games in this series

Show
View Real Time Build Order
Export as new Build Order

Leenock Zerg - Winner!

Build Orders: Hatch First 

Get SALT Encoding   

  12  0:00  Drone  
  13  0:12  Overlord  
  13  0:17  Drone  
  14  0:30  Drone  
  14  0:31  Drone  
  14  0:34  Drone  
  17  0:51  Hatchery  
  17  0:54  Drone  
  17  0:57  Drone  
  18  1:05  Extractor  
  17  1:16  Drone, Spawning Pool  
  17  1:19  Drone  
  18  1:27  Drone  
  19  1:38  Drone  
  20  1:48  Drone  
  21  1:57  Hatchery  
  21  1:59  Drone  
  21  2:03  Drone  
  21  2:06  Metabolic Boost  
  22  2:13  Queen  
  24  2:18  Overlord  
  24  2:22  Drone  
  25  2:24  Drone  
  25  2:28  Drone  
  27  2:33  Drone  
  27  2:36  Queen  
  30  2:38  Zergling x2  
  30  2:42  Zergling x2  
  32  2:47  Zergling x2  
  32  2:50  Queen  
  35  2:56  Zergling x2  
  36  3:07  Overlord  
  36  3:12  Drone, Queen  
  38  3:21  Drone x3, Overlord  
  38  3:26  Spore Crawler, Drone x2  
  42  3:32  Drone x2  
  44  3:35  Spore Crawler  
  44  3:37  Spore Crawler  
  44  3:39  Drone  
  43  3:42  Queen  
  43  3:44  Drone  
  46  3:51  Zergling x6  
  46  3:53  Drone  
  50  4:03  Drone x2  
  50  4:04  Drone  
  50  4:06  Evolution Chamber  
  50  4:09  Overlord  
  52  4:15  Drone x2  
  52  4:16  Drone, Extractor, Baneling Nest  
  52  4:17  Drone x2  
  54  4:18  Drone  
  54  4:21  Overlord  
  54  4:23  Overlord  
  56  4:30  Drone  
  57  4:31  Overlord  
  57  4:34  Zerg Melee Weapons Level 1  
  57  4:39  Overlord  
  57  4:41  Drone x2  
  57  4:42  Drone  
  57  4:43  Drone x2  
  62  4:48  Drone  
  62  4:50  Overlord  
  62  4:52  Zergling x2  
  64  4:53  Zergling x4  
  64  4:55  Zergling x2  
  64  4:56  Zergling x2  
  67  5:12  Zergling x6  
  67  5:13  Zergling x12  
  74  5:15  Lair  
  74  5:22  Hatchery  
  74  5:25  Baneling x6  
  74  5:26  Drone  
  74  5:29  Drone x2  
  74  5:31  Drone  
  77  5:36  Drone  
  77  5:37  Drone x2  
  77  5:41  Extractor  
  77  5:42  Drone  
  80  5:43  Overlord  
  77  5:56  Zergling x10  
  77  5:57  Zergling x10  
  85  6:03  Zergling x2  
  83  6:07  Zergling x2  
  83  6:08  Drone  
  83  6:10  Extractor  
  80  6:12  Extractor  
  80  6:15  Zergling x6  
  80  6:16  Zergling x6  
  80  6:18  Zergling x2  
  79  6:21  Centrifical Hooks  
  79  6:22  Hydralisk Den  
  78  6:31  Overlord  
  78  6:38  Zerg Melee Weapons Level 2  
  76  6:40  Drone x3  
  76  6:41  Drone x3  
  77  6:54  Hydralisk  
  77  6:55  Hydralisk, Zergling x2  
  77  6:56  Zergling x12  
  77  6:57  Drone  
  77  6:58  Drone x3  
  89  7:03  Hydralisk  
  90  7:08  Overlord  
  90  7:09  Zergling x2  
  90  7:10  Hydralisk x2  
  90  7:12  Zergling x10  
  90  7:13  Zergling x2  
  101  7:21  Overlord  
  101  7:22  Overlord x2  
  101  7:23  Grooved Spines  
  101  7:24  Zergling x2  
  100  7:30  Zergling x6  
  100  7:31  Zergling x2  
  100  7:32  Baneling x4  
  100  7:33  Baneling x4  
  104  7:42  Drone x8  
  104  7:43  Drone  
  113  7:48  Hydralisk x3  
  113  7:50  Hydralisk  
  122  7:51  Zergling x2  
  122  7:58  Hydralisk x2  
  118  8:00  Hydralisk  
  118  8:02  Baneling, Zergling x4  
  118  8:03  Baneling  
  127  8:05  Zergling x6  
  127  8:06  Zergling x6  
  127  8:10  Extractor, Baneling  
  131  8:14  Zergling x4  
  131  8:26  Hydralisk x2, Zergling x10  
  131  8:27  Hydralisk  
  136  8:33  Zergling x8  
  133  8:34  Zergling x4, Muscular Augments  
  133  8:36  Zergling x2  
  133  8:38  Zergling x4  
  133  8:39  Zergling x4  
  133  8:40  Zergling x2  
  135  8:56  Drone  
  135  8:57  Drone x4  
  135  8:58  Drone  
  135  9:00  Baneling x14  
  135  9:01  Zergling x2  
  135  9:02  Zergling x12  
  148  9:03  Zergling x2  
  148  9:05  Zergling x2  
  148  9:08  Zergling x4  
  152  9:11  Overlord  
  152  9:16  Hatchery  
  151  9:17  Baneling  
  151  9:18  Baneling x7  
  151  9:19  Zergling x2  
  151  9:20  Overlord x3  
  151  9:21  Overlord  
  141  9:36  Zergling x2  
  141  9:37  Zergling x2  
  141  9:38  Zergling x4  
  142  9:42  Zergling x26  
  142  9:43  Zergling x2  
  141  9:45  Hydralisk  
  141  9:48  Hydralisk  
  141  9:51  Hydralisk  
  138  9:54  Hydralisk  
  134  10:02  Hydralisk x5  
  137  10:09  Hydralisk x3  
  137  10:13  Hydralisk x2  
  141  10:19  Zergling x6  
  140  10:22  Zergling x4  
  140  10:24  Hydralisk x2  
  141  10:29  Hydralisk x4  
  141  10:32  Hydralisk  
  141  10:34  Hydralisk  
  151  10:38  Hydralisk  
  151  10:40  Zergling x4  
  141  10:44  Hydralisk  
  141  10:49  Zergling x2  
  140  10:50  Infestation Pit  
  140  10:54  Zergling x2  
  140  10:55  Zergling x4  
  132  10:57  Hydralisk  
  132  10:59  Zergling x4  
  132  11:01  Hydralisk  
  132  11:03  Hydralisk x2  
  127  11:10  Hydralisk  
  121  11:12  Hydralisk  
  121  11:13  Zergling x2  
  124  11:23  Zergling x4  
  124  11:24  Zergling x2  
  124  11:25  Zergling x4  
  128  11:26  Zergling x6  
  128  11:27  Hatchery  
  128  11:28  Hydralisk x2  
  128  11:31  Hydralisk  
  133  11:32  Zergling x2  
  133  11:34  Zergling x6  
  133  11:35  Zergling x2  
  130  11:41  Hydralisk x2  
  130  11:45  Hydralisk x2  
  121  11:47  Hydralisk  
  121  11:48  Zergling x6  
Show
View Real Time Build Order
Export as new Build Order

Hurricane Protoss 

Build Orders: 1 Gate Expand, Oracle Opening, Phoenix Opening, Zealot Archon 

Get SALT Encoding   

  12  0:00  Probe  
  13  0:12  Probe  
  14  0:18  Pylon  
  14  0:25  Probe (Chrono Boost)  
  15  0:37  Probe (Chrono Boost)  
  15  0:39  Gateway  
  16  0:45  Probe (Chrono Boost)  
  16  0:49  Assimilator  
  17  0:51  Probe  
  18  1:03  Probe  
  19  1:15  Probe  
  20  1:27  Nexus  
  20  1:38  Cybernetics Core  
  20  1:41  Probe  
  20  1:46  Assimilator  
  21  1:53  Probe  
  22  1:57  Pylon  
  22  2:05  Probe  
  23  2:13  Adept (Chrono Boost)  
  25  2:17  Probe  
  25  2:21  Stargate  
  26  2:28  Warp Gate  
  26  2:29  Probe  
  27  2:35  Adept (Chrono Boost)  
  27  2:36  Probe  
  29  2:43  Probe  
  29  2:44  Probe  
  32  2:53  Adept (Chrono Boost)  
  32  2:54  Probe  
  32  2:55  Probe  
  39  3:05  Oracle (Chrono Boost)  
  39  3:06  Probe  
  39  3:10  Probe  
  41  3:19  Probe  
  42  3:22  Probe  
  42  3:23  Pylon  
  43  3:31  Probe, Adept  
  46  3:40  Phoenix  
  48  3:43  Probe  
  49  3:50  Nexus  
  49  3:53  Pylon  
  49  3:55  Probe  
  50  3:56  Probe  
  51  4:07  Probe  
  51  4:08  Gateway  
  52  4:10  Gateway  
  52  4:13  Assimilator  
  52  4:15  Assimilator  
  52  4:17  Probe  
  52  4:19  Probe  
  54  4:26  Twilight Council  
  54  4:29  Probe  
  55  4:31  Probe  
  56  4:40  Robotics Facility  
  56  4:42  Probe  
  56  4:43  Probe  
  58  4:48  Zealot  
  60  4:53  Pylon  
  60  4:54  Probe  
  60  4:55  Probe, Pylon  
  62  5:06  Probe  
  61  5:10  Probe  
  61  5:11  Charge (Chrono Boost)  
  58  5:16  Templar Archives  
  58  5:17  Probe, Forge  
  58  5:18  Probe  
  58  5:19  Gateway  
  60  5:22  Probe (Chrono Boost)  
  60  5:25  Adept, Zealot  
  60  5:27  Zealot  
  67  5:31  Probe x2 (Chrono Boost)  
  67  5:34  Probe (Chrono Boost)  
  70  5:37  Observer (Chrono Boost)  
  70  5:41  Probe x2 (Chrono Boost)  
  70  5:42  Probe (Chrono Boost)  
  74  5:46  Probe (Chrono Boost)  
  74  5:47  Zealot  
  74  5:49  Warp Prism (Chrono Boost)  
  77  5:59  Pylon  
  77  6:00  Pylon  
  64  6:13  Zealot  
  64  6:18  Probe x3  
  67  6:21  Shield Battery  
  67  6:30  Zealot x2  
  73  6:32  Zealot  
  73  6:35  Zealot  
  68  6:48  Probe x3  
  68  6:49  Protoss Ground Weapons Level 1  
  68  6:50  Psionic Storm  
  68  6:56  Zealot  
  68  6:58  High Templar x3  
  68  7:00  Probe  
  76  7:04  Probe  
  76  7:07  Probe (Chrono Boost)  
  78  7:12  Probe (Chrono Boost)  
  79  7:18  Probe (Chrono Boost)  
  79  7:19  Probe (Chrono Boost)  
  82  7:24  Probe (Chrono Boost)  
  82  7:26  Zealot  
  82  7:27  Probe (Chrono Boost)  
  82  7:28  Probe (Chrono Boost)  
  82  7:29  Probe (Chrono Boost)  
  86  7:31  High Templar  
  86  7:32  Probe (Chrono Boost), High Templar  
  86  7:33  Probe  
  86  7:34  Zealot  
  95  7:38  Probe  
  95  7:43  Gateway  
  96  7:44  Probe  
  96  7:45  Probe, Gateway  
  96  7:48  Pylon  
  96  7:50  Probe, High Templar  
  101  7:53  Archon  
  90  8:01  High Templar  
  90  8:02  Probe x2  
  90  8:03  Probe  
  95  8:11  Sentry  
  97  8:13  High Templar  
  93  8:24  Gateway  
  93  8:26  Gateway, Photon Cannon, Shield Battery  
  91  8:29  Gateway  
  91  8:30  Assimilator  
  91  8:31  Gateway  
  91  8:32  Assimilator  
  91  8:33  Probe x2  
  91  8:34  Probe  
  92  8:46  Probe (Chrono Boost), Immortal (Chrono Boost)  
  92  8:47  Probe x2 (Chrono Boost)  
  95  8:50  High Templar x2  
  103  8:57  Zealot  
  103  8:58  Probe (Chrono Boost), Zealot  
  103  9:00  Pylon  
  103  9:01  Pylon  
  109  9:03  Probe (Chrono Boost)  
  109  9:06  Protoss Ground Weapons Level 2  
  109  9:08  Pylon  
  109  9:09  Pylon  
  109  9:13  Photon Cannon  
  109  9:16  Pylon  
  109  9:18  Probe  
  109  9:19  Nexus  
  109  9:21  Pylon, Sentry  
  112  9:30  Archon  
  106  9:33  Zealot x3, High Templar  
  106  9:34  High Templar  
  106  9:37  Zealot x2  
  119  9:46  Archon x2  
  119  9:48  Probe x2  
  119  9:50  Probe  
  122  9:54  Assimilator  
  122  9:59  Zealot x6  
  130  10:00  Probe x2  
  109  10:18  Probe x3  
  100  10:22  Zealot x2  
  100  10:23  High Templar x3  
  107  10:30  Probe x2  
  107  10:31  Zealot x2  
  106  10:37  Archon  
  106  10:39  Zealot  
  94  10:49  Zealot x2  
  73  10:58  Pylon  
  73  11:03  Probe, High Templar  
  73  11:04  Probe x2  
  70  11:10  Archon  
  62  11:12  Zealot x2  
  66  11:19  High Templar  
  66  11:24  Zealot x2  
  67  11:31  Zealot  
  53  11:40  Archon  
  53  11:41  Zealot  
  53  11:46  Zealot  
Tags
 
Add a new tag
Caveats
  • Supply blocks, unpowered buildings, or Contaminate may cause inaccurate times.
  • Supply counts are checked every 10 seconds.